 Dungeon Crawl Stone Soup version 0.19-a0-1772-g09c4438 (webtiles) character file.

220275 DevlanMud the Acrobat (level 19, -2/167 HPs)
             Began as a Merfolk Gladiator on Oct 5, 2016.
             Was the Champion of Wudzu.
             Shot with a bolt by a naga sharpshooter (19 damage)
             ... on level 4 of the Snake Pit on Oct 6, 2016.
             The game lasted 02:25:34 (39320 turns).

DevlanMud the Acrobat (Merfolk Gladiator)          Turns: 39320, Time: 02:25:34

Health: -2/167     AC: 22    Str: 17    XL:     19   Next: 17%
Magic:  0/35       EV: 31    Int: 12    God:    Wudzu [******]
Gold:   3156       SH:  0    Dex: 17    Spells: 4 memorised, 11 levels left

rFire  . . .     SeeInvis .     a - +4 glaive (flame)
rCold  + . .     Gourm    .     (armour unavailable)
rNeg   . . .     Faith    .     (shield currently unavailable)
rPois  +         Spirit   +     (helmet unavailable)
rElec  .         Dismiss  .     O - +0 cloak
rCorr  .         Reflect  .     (gloves unavailable)
MR     ++...     Harm     .     D - +0 pair of boots of Alopunne {rC+ MR+ Dex+3}
Stlth  ++++...... Clarity  +    F - amulet of guardian spirit
                                L - ring of stealth
                                j - ring of magical power

@: lethally poisoned (-2 -> -3), about to teleport, very slightly contaminated,
regenerating, hasted, very quick
A: change form in water, swift swim, stealthy swim, clumsy 1, poison resistance
a: Summon Vines, Briar Patch, Renounce Religion
}: 1/15 runes: decaying


You were on level 4 of the Snake Pit.
You worshipped Wudzu.
Wudzu was exalted by your worship.
You were not hungry.

You visited 6 branches of the dungeon, and saw 32 of its levels.
You also visited: Sewer, Ossuary and Volcano.

You collected 3156 gold pieces.

Inventory:

Hand Weapons
 a - a +4 glaive of flaming (weapon)
 N - a +0 bardiche
Missiles
 d - 6 throwing nets (quivered)
Armour
 q - the +1 pair of boots of the Ward {rPois MR++ rCorr Dex-5}
   (You acquired it on level 14 of the Dungeon)

   It affects your dexterity (-5).
   It protects you from poison.
   It affects your resistance to hostile enchantments.
   It protects you from acid and corrosion.
 D - the +0 pair of boots of Alopunne (worn) {rC+ MR+ Dex+3}
   (You found it in a volcano)

   It affects your dexterity (+3).
   It protects you from cold.
   It affects your resistance to hostile enchantments.
 O - a +0 cloak (worn)
Jewellery
 c - an uncursed ring of protection from fire
 j - a ring of magical power (left hand)
 o - an uncursed ring of ice
 r - an uncursed ring of positive energy
 v - an uncursed ring of protection from magic
 E - an uncursed amulet of the gourmand
 F - an amulet of guardian spirit (around neck)
 K - an uncursed ring of protection from magic
 L - a ring of stealth (right hand)
 R - an uncursed ring of see invisible
Wands
 B - a wand of iceblast (5/15)
 G - a wand of hasting (3/9)
 H - a wand of teleportation (4/9)
 Q - a wand of iceblast (7/15)
Scrolls
 b - 3 scrolls of fear
 h - 2 scrolls of enchant weapon
 n - 10 scrolls of remove curse
 w - 8 scrolls of teleportation
 x - 13 scrolls of identify
 y - a scroll of recharging
 z - a scroll of amnesia
 A - a scroll of silence
 M - a scroll of blinking
 P - 4 scrolls of magic mapping
 V - 4 scrolls of fog
Potions
 e - a potion of berserk rage
 g - 2 potions of might
 k - a potion of agility
 m - 5 potions of resistance
 s - 11 potions of flight
 t - a potion of cancellation
 u - 11 potions of curing
 C - a potion of haste
 J - 2 potions of heal wounds
 X - 6 potions of magic
Books
 I - a book of Changes

   Spells                             Type                      Level
   a - Beastly Appendage              Transmutation                1
   b - Sticks to Snakes               Transmutation                2
   c - Spider Form                    Transmutation/Poison         3
   d - Ice Form                       Ice/Transmutation            4
   e - Blade Hands                    Transmutation                5
 S - Roxanne's Catalogue of Changing
   (You took it off Roxanne on level 4 of the Snake Pit)

   Spells                             Type                      Level
   a - Beastly Appendage              Transmutation                1
   b - Passwall                       Transmutation/Earth          2
   c - Ice Form                       Ice/Transmutation            4
   d - Petrify                        Transmutation/Earth          4
   e - Statue Form                    Transmutation/Earth          6
Comestibles
 f - 20 bread rations
 i - 2 meat rations
 l - 5 beef jerkies
 p - 4 fruits
 T - 6 chunks of flesh


   Skills:
 + Level 19.4 Fighting
 - Level 20.0 Polearms
 - Level 2.0 Throwing
 * Level 23.7 Dodging
 - Level 4.0 Stealth
 - Level 5.0 Spellcasting
 * Level 6.6 Charms
 - Level 3.0 Necromancy
 - Level 3.0 Air Magic
 - Level 10.0 Invocations


You had 11 spell levels left.
You knew the following spells:

 Your Spells              Type           Power        Failure   Level  Hunger
a - Repel Missiles        Chrm/Air       ##....       4%          2    ##.....
b - Regeneration          Chrm/Necr      ##........   10%         3    ###....
c - Deflect Missiles      Chrm/Air       ##........   100%        6    #######
d - Haste                 Chrm           ###.....     99%         6    #######


Dungeon Overview and Level Annotations

Branches:
Dungeon (15/15)            Temple (1/1) D:7            Lair (6/6) D:10
  Swamp (4/4) Lair:3        Snake (4/4) Lair:4        Slime (0/5) Lair:5
    Orc (2/2) D:9             Elf (0/3) Orc:2        Vaults (0/5) D:14
 Depths (0/5) D:15

Altars:
Cheibriados
Dithmenos
Elyvilon
Gozag
Kikubaaqudgha
Nemelex Xobeh
Okawaru
Sif Muna
Trog
Uskayaw
Vehumet Wudzu
Xom
Yredelemnul
The Shining One
Beogh
Jiyva

Shops:
D:10 (   D:13 *   Orc:1 }   Orc:2 (!}}


Innate Abilities, Weirdness & Mutations

You revert to your normal form in water.
You are very nimble and swift while swimming.
You are very stealthy in the water.
You are clumsy. (Dex -2)
Your system is resistant to poisons. (rPois)


Message History

* * * LOW HITPOINT WARNING * * *
The naga mage completely misses you.
The nagaraja points at you and mumbles some strange words.
The poison arrow hits you!
You are poisoned.
You partially resist.
* * * LOW HITPOINT WARNING * * *
The black mamba closely misses your snaplasher vine.
As you read the scroll of teleportation, it crumbles to dust.
You feel strangely unstable.
You feel sick. The nagaraja spits poison at you.
The splash of poison misses you.
The splash of poison hits the naga sharpshooter.
The guardian serpent barely misses you.
Your snaplasher vine completely misses the nagaraja.
The naga mage spits poison at you. The splash of poison hits you!
You are more poisoned.
You resist.
The naga sharpshooter shoots a bolt.
The bolt hits you!!
You die...

..##......# #......≈§≈≈....).#...
).#.......# #...§≈≈≈§§≈§≈.§).#...
..#.......###..≈≈≈≈≈≈≈≈≈≈§≈..##..
..#.......##)..≈≈≈≈≈§≈≈§§§≈...##.
..##.....##...≈§≈########§≈≈...##
..##....##..≈≈≈###......###≈≈≈..#
..##...##..§≈≈##.Nw.......##≈≈≈..
...##.##..§§§##S))S........##§§§§
...####..≈§§##§N@N######)...##§§≈
...###..≈≈§##§NN### ###...##§§
....#..≈§≈##...## ##)).##≈
....#..≈≈≈#...# ##)..#≈
....#'#####'.. #(..'. ......#
..#' ###### (((..## .. .# ).(.(#
. .. .....# ..


You could see 2 nagarajas, a naga sharpshooter, a guardian serpent, a black
mamba, 2 naga magi and a friendly snaplasher vine.

Vanquished Creatures
  Rupert (Lair:3)
  Frances (D:12)
  Gastronok (Lair:3)
  2 thorn hunters
  Donald (Swamp:1)
  The ghost of Telfortrocks the Blocker, an adept OpWn of Wudzu (Snake:3)
  The ghost of ProzacElf the Fencer, an adept CeWn of Wudzu (Snake:1)
  Roxanne (Snake:4)
  7 nagarajas
  An orc warlord (Orc:1)
  Aizul (Swamp:1)
  2 dire elephants
  Snorg (Lair:6)
  Josephine (D:12)
  18 hydras
  12 naga warriors
  Fannar (Lair:1)
  A merfolk avatar (Lair:6)
  A ghost crab (Swamp:4)
  3 centaur warriors (D:14)
  10 anacondas
  3 dancing weapons
  9 alligators
  4 ogre magi (Orc:2)
  2 orc high priests (Orc:1)
  19 naga sharpshooters
  7 death yaks (Lair:3)
  5 shock serpents
  Sonja (D:13)
  Nergalle (Lair:3)
  An unseen horror (shapeshifter) (D:13)
  2 unseen horrors
  5 salamander mystics (Snake:4)
  A sea snake (Lair:6)
  13 swamp dragons
  2 spriggan druids (Swamp:3)
  A glowing orange brain (D:15)
  4 hill giants
  2 lindwurms (Snake:4)
  Pikel (D:9)
  2 deep elf magi
  2 harpies (Lair:6)
  A harpy (shapeshifter) (D:14)
  10 naga ritualists
  A shambling mangrove (Swamp:4)
  12 ugly things
  6 orc sorcerers (Orc:2)
  9 mana vipers
  2 orc knights (Orc:2)
  A mana viper (shapeshifter) (D:15)
  4 cyclopes
  2 hornets
  2 manticores
  6 salamanders
  12 elephants
  Psyche (D:8)
  37 black mambas
  5 guardian serpents
  29 naga magi
  Maurice (D:9)
  A black mamba (shapeshifter) (D:15)
  A torpor snail (Lair:2)
  4 centaur skeletons
  20 spiny frogs
  2 kobold demonologists (D:15)
  6 rime drakes
  10 komodo dragons
  3 meliai (D:15)
  4 polar bears
  A wind drake (Lair:6)
  4 trolls (Orc:1)
  3 tyrant leeches
  18 slime creatures
  2 dream sheep (Lair:2)
  8 bog bodies
  13 blink frogs
  2 two-headed ogres
  8 hippogriffs
  A vampire (D:12)
  8 spriggans
  5 wyverns
  3 wraiths (D:12)
  87 yaks
  2 shadows
  7 fire bats (Volcano)
  Grum (D:8)
  A human (shapeshifter) (D:15)
  14 vampire mosquitoes
  5 hungry ghosts
  Menkaure (D:6)
  2 mottled dragons
  45 nagas
  25 swamp worms
  3 wargs
  13 insubstantial wisps
  13 water moccasins
  14 porcupines
  2 hell hounds (Volcano)
  19 swamp drakes
  7 sky beasts
  20 orc warriors
  4 phantoms
  4 ice beasts
  A slave (D:9)
  3 black bears
  The ghost of MemeProof the Skirmisher, an amateur DrFi (D:3)
  5 necrophages (Swamp:4)
  10 wasps
  29 wolves
  10 ogres
  8 centaurs
  18 crocodiles
  5 big kobolds
  14 bullfrogs
  2 gnoll sergeants
  A wyvern zombie (D:5)
  3 scorpions
  7 wights
  6 howler monkeys
  2 electric eels
  5 crimson imps
  A quasit (D:5)
  2 bullfrog zombies
  2 centaur zombies
  23 orc priests
  8 hounds
  2 bullfrog skeletons
  3 jellies
  37 orc wizards
  Terence (D:1)
  Ijyb (D:3)
  Natasha (thrice) (D:3)
  2 iguanas
  7 worker ants
  A hound skeleton (D:7)
  4 hound zombies
  8 mummies (Ossuary)
  A howler monkey zombie (D:9)
  2 worker ant zombies
  15 adders
  18 gnolls
  53 river rats
  2 shadow imps (D:13)
  An ooze (Sewer)
  An adder skeleton (D:4)
  An adder zombie (D:5)
  7 worms
  4 dart slugs
  9 leopard geckos
  98 orcs
  11 bats
  4 giant cockroaches
  2 hobgoblins
  3 jackals (D:3)
  10 quokkas
  5 ball pythons
  4 frilled lizards
  5 gnoll zombies (Ossuary)
  10 goblins
  A hobgoblin zombie (Ossuary)
  3 jackal skeletons
  29 kobolds
  2 orc zombies (Ossuary)
  2 quokka skeletons
  7 rats
  A briar patch (Swamp:2)
  3 fungi
1261 creatures vanquished.

Vanquished Creatures (collateral kills)
  A blink frog (Lair:3)
  A crocodile (Lair:5)
2 creatures vanquished.

Vanquished Creatures (others)
  A spriggan druid (Swamp:4)
  A salamander (Snake:3)
  A naga mage (Snake:4)
  A black mamba (Snake:4)
  A yak (D:13)
  A naga (Snake:4)
  A howler monkey (D:12)
  An orc (D:13)
  6 fungi
  9 plants
23 creatures vanquished.

Grand Total: 1286 creatures vanquished

Notes
Turn   | Place    | Note
-------+----------+-------------------------------------------
     0 | D:1      | DevlanMud the Merfolk Gladiator began the quest for the Orb.
     0 | D:1      | Reached XP level 1. HP: 16/16 MP: 1/1
   266 | D:1      | Reached skill level 5 in Polearms
   266 | D:1      | Reached XP level 2. HP: 23/23 MP: 2/2
  1067 | D:2      | Noticed Terence
  1083 | D:1      | Reached XP level 3. HP: 20/28 MP: 3/3
  1110 | D:1      | Killed Terence
  1534 | D:2      | Reached XP level 4. HP: 34/34 MP: 4/4
  1546 | D:2      | Found an iron altar of Okawaru.
  2208 | D:2      | Reached XP level 5. HP: 36/39 MP: 5/5
  2515 | D:3      | Noticed MemeProof's ghost (amateur DrFi)
  3031 | D:3      | Killed MemeProof's ghost
  3031 | D:3      | Reached XP level 6. HP: 20/47 MP: 6/6
  3364 | D:3      | Reached skill level 5 in Dodging
  3521 | D:3      | Noticed Natasha
  3535 | D:3      | Killed Natasha
  3540 | D:3      | Noticed Natasha
  3549 | D:3      | Killed Natasha
  3841 | D:3      | Noticed Natasha
  3847 | D:3      | Killed Natasha
  3866 | D:3      | Noticed Ijyb
  3886 | D:3      | Killed Ijyb
  3916 | D:3      | Reached XP level 7. HP: 52/52 MP: 7/7
  4038 | D:4      | Found a shadowy altar of Dithmenos.
  4458 | D:4      | Reached skill level 10 in Polearms
  4563 | D:4      | Found a sand-covered staircase.
  4577 | Ossuary  | Entered an ossuary
  5069 | Ossuary  | Gained mutation: You are somewhat resistant to further mutation. [potion of mutation]
  5069 | Ossuary  | Lost mutation: You are somewhat resistant to further mutation. [potion of mutation]
  5069 | Ossuary  | Gained mutation: You are clumsy. (Dex -2) [potion of mutation]
  5442 | D:5      | Entered Level 5 of the Dungeon
  5620 | D:4      | Reached XP level 8. HP: 25/60 MP: 8/8
  5839 | D:5      | Reached skill level 6 in Dodging
  5866 | D:5      | Found a glowing drain.
  5875 | Sewer    | Entered a sewer
  6306 | D:5      | HP: 1/60 [wyvern zombie (9)]
  7461 | D:6      | Noticed Menkaure
  7473 | D:6      | Killed Menkaure
  7473 | D:6      | Reached skill level 5 in Fighting
  7473 | D:6      | Reached skill level 7 in Dodging
  7473 | D:6      | Reached XP level 9. HP: 41/68 MP: 9/9
  7952 | D:6      | Found a glowing golden altar of the Shining One.
  8892 | D:7      | Found a staircase to the Ecumenical Temple.
  8903 | Temple   | Entered the Ecumenical Temple
  8999 | Temple   | Became a worshipper of Wudzu the Untamed
  9686 | D:8      | Reached skill level 15 in Polearms
  9705 | D:8      | Noticed Grum
  9765 | D:8      | Reached skill level 8 in Dodging
  9776 | D:8      | Killed Grum
  9810 | D:7      | Reached XP level 10. HP: 32/76 MP: 5/10
 10371 | D:8      | Noticed Psyche
 10414 | D:8      | Killed Psyche
 10414 | D:8      | Reached skill level 9 in Dodging
 10888 | D:9      | Noticed Pikel
 10922 | D:9      | Killed Pikel
 10971 | D:9      | Reached * piety under Wudzu
 11012 | D:9      | Gained mutation: You have a pair of small horns on your head. [mutagenic meat]
 11018 | D:9      | Gained mutation: Your system is resistant to poisons. (rPois) [mutagenic meat]
 11021 | D:9      | Lost mutation: You have a pair of small horns on your head. [mutagenic meat]
 11089 | D:9      | Reached skill level 10 in Dodging
 11215 | D:9      | Found a staircase to the Orcish Mines.
 11302 | D:9      | Noticed Maurice
 11319 | D:9      | Killed Maurice
 11514 | D:10     | Entered Level 10 of the Dungeon
 11603 | D:10     | Found a staircase to the Lair.
 11630 | D:10     | Reached skill level 1 in Invocations
 11639 | D:10     | Reached XP level 11. HP: 77/85 MP: 12/12
 11645 | D:10     | Reached ** piety under Wudzu
 11662 | D:10     | Reached skill level 11 in Dodging
 11872 | D:10     | Found Jamumell's Weapon Shoppe.
 11908 | D:10     | Noticed a hill giant
 11927 | D:10     | Killed a hill giant
 12176 | Lair:1   | Entered Level 1 of the Lair of Beasts
 12424 | Lair:1   | Reached skill level 12 in Dodging
 12885 | Lair:1   | Noticed Fannar
 12906 | Lair:1   | Killed Fannar
 13072 | Lair:1   | Reached skill level 13 in Dodging
 13272 | Lair:1   | Reached *** piety under Wudzu
 13494 | Lair:2   | Reached skill level 10 in Fighting
 13494 | Lair:2   | Reached XP level 12. HP: 82/97 MP: 15/15
 13553 | Lair:2   | Reached skill level 5 in Invocations
 14439 | Lair:3   | Reached skill level 14 in Dodging
 14874 | Lair:3   | Noticed a six-headed hydra
 14889 | Lair:3   | Killed a six-headed hydra
 15199 | Lair:3   | Noticed a death yak
 15203 | Lair:3   | Noticed Rupert
 15216 | Lair:3   | Killed a death yak
 15220 | Lair:3   | Noticed a death yak
 15220 | Lair:3   | Noticed a death yak
 15230 | Lair:3   | Killed a death yak
 15230 | Lair:3   | Reached skill level 15 in Dodging
 15244 | Lair:3   | Reached **** piety under Wudzu
 15268 | Lair:3   | HP: 1/100 [death yak (7)]
 15269 | Lair:3   | Noticed Nergalle
 15282 | Lair:3   | Killed Nergalle
 15825 | Lair:3   | Killed Rupert
 15825 | Lair:3   | Reached XP level 13. HP: 108/108 MP: 16/18
 15928 | Lair:3   | Reached skill level 16 in Dodging
 16218 | Lair:3   | Noticed Gastronok
 16233 | Lair:3   | Killed Gastronok
 17018 | Lair:3   | Found a staircase to the Swamp.
 17442 | Lair:4   | Reached skill level 1 in Spellcasting
 17464 | Lair:4   | Learned a level 2 spell: Repel Missiles
 17518 | Lair:4   | Reached ***** piety under Wudzu
 17633 | Lair:4   | Reached skill level 17 in Dodging
 18214 | Lair:4   | Found a staircase to the Snake Pit.
 18663 | Lair:4   | Reached XP level 14. HP: 102/118 MP: 19/19
 18870 | Lair:5   | Found a staircase to the Slime Pits.
 18870 | Lair:5   | Found a viscous altar of Jiyva.
 19297 | Lair:5   | Found a dark tunnel.
 19310 | Volcano  | Entered a volcano
 19391 | Volcano  | Reached skill level 18 in Dodging
 19412 | Volcano  | Got a pair of faintly glowing boots
 19436 | Volcano  | Identified the cursed +0 pair of boots of Alopunne {rC+ MR+ Dex+3} (You found it in a volcano)
 19969 | Lair:6   | Entered Level 6 of the Lair of Beasts
 20228 | Lair:6   | Noticed a dire elephant
 20256 | Lair:6   | Killed a dire elephant
 20266 | Lair:6   | Noticed Snorg
 20297 | Lair:6   | Killed Snorg
 20303 | Lair:6   | Noticed a dire elephant
 20346 | Lair:5   | Killed a dire elephant
 20706 | Lair:6   | Reached ****** piety under Wudzu
 20773 | Lair:6   | Reached XP level 15. HP: 126/126 MP: 21/21
 20776 | Lair:6   | Reached skill level 1 in Stealth
 21752 | D:12     | Found a snail-covered altar of Cheibriados.
 22158 | D:12     | Noticed Josephine
 22178 | D:12     | Killed Josephine
 22375 | D:12     | Noticed Frances
 22393 | D:12     | Killed Frances
 22931 | D:13     | Noticed Sonja
 22948 | D:13     | Killed Sonja
 22953 | D:13     | Reached skill level 1 in Charms
 23415 | D:13     | Found Jarevul's Assorted Antiques.
 23540 | D:14     | Identified a scroll of acquirement
 23542 | D:14     | Got a pair of crude boots
 23554 | D:14     | Identified the +1 pair of boots of the Ward {rPois MR++ rCorr Dex-5} (You acquired it on level 14 of the Dungeon)
 23792 | D:14     | Identified a +0 rod of inaccuracy (9/9) (You found it on level 14 of the Dungeon)
 24009 | D:14     | Found a gate to the Vaults.
 24238 | D:14     | Reached skill level 10 in Invocations
 24494 | D:15     | Entered Level 15 of the Dungeon
 24503 | D:15     | Reached skill level 1 in Air Magic
 24519 | D:15     | Learned a level 3 spell: Regeneration
 24557 | D:15     | Reached skill level 19 in Dodging
 24602 | D:15     | Reached skill level 15 in Fighting
 24951 | D:15     | Reached XP level 16. HP: 135/136 MP: 23/23
 24952 | D:15     | Found a staircase to the Depths.
 25050 | D:15     | Learned a level 6 spell: Deflect Missiles
 25057 | D:15     | Learned a level 6 spell: Haste
 25144 | D:15     | Found a white marble altar of Elyvilon.
 25393 | Swamp:1  | Entered Level 1 of the Swamp
 25472 | Swamp:1  | Noticed Aizul
 25482 | Swamp:1  | Killed Aizul
 25686 | Swamp:1  | Found a hide-covered altar of Uskayaw.
 25736 | Swamp:1  | Noticed Donald
 25749 | Swamp:1  | Killed Donald
 26882 | Swamp:2  | Noticed a thorn hunter
 26893 | Swamp:2  | Killed a thorn hunter
 28061 | Swamp:4  | Entered Level 4 of the Swamp
 28074 | Swamp:4  | Reached skill level 20 in Dodging
 28251 | Swamp:4  | Reached skill level 5 in Charms
 28336 | Swamp:4  | Noticed a thorn hunter
 28344 | Swamp:4  | Killed a thorn hunter
 28924 | Swamp:4  | Reached XP level 17. HP: 140/146 MP: 24/24
 29343 | Swamp:4  | Got a decaying rune of Zot
 29952 | Orc:1    | Entered Level 1 of the Orcish Mines
 30086 | Orc:2    | Entered Level 2 of the Orcish Mines
 30122 | Orc:2    | Reached skill level 1 in Necromancy
 30131 | Orc:2    | Reached skill level 21 in Dodging
 30269 | Orc:2    | Found a staircase to the Elven Halls.
 30635 | Orc:1    | Found Uqaigicu's Gadget Shoppe.
 31364 | Orc:2    | Found Imoo's Gadget Shoppe.
 31379 | Orc:2    | Found Otzusac's Gadget Emporium.
 31417 | Orc:2    | Found an ancient bone altar of Kikubaaqudgha.
 31456 | Orc:2    | Found a radiant altar of Vehumet.
 31697 | Orc:2    | Found a roughly hewn altar of Beogh.
 31697 | Orc:2    | Found Gaguagac's Distillery.
 31727 | Orc:2    | Found Lutiram's Antique Weapon Shoppe.
 31959 | Snake:1  | Entered Level 1 of the Snake Pit
 32464 | Snake:1  | Noticed ProzacElf's ghost (adept CeWn)
 32475 | Snake:1  | Killed ProzacElf's ghost
 33903 | Snake:2  | Reached skill level 22 in Dodging
 33903 | Snake:2  | Reached XP level 18. HP: 116/157 MP: 25/25
 35160 | Snake:4  | Entered Level 4 of the Snake Pit
 36822 | Snake:3  | Noticed Telfortrocks's ghost (adept OpWn)
 36847 | Snake:3  | Killed Telfortrocks's ghost
 37380 | Snake:4  | Reached skill level 23 in Dodging
 38369 | Snake:4  | Noticed Roxanne
 38408 | Snake:4  | Killed Roxanne
 38410 | Snake:4  | Identified Roxanne's Catalogue of Changing (You took it off Roxanne on level 4 of the Snake Pit)
 38713 | Snake:4  | Reached skill level 5 in Spellcasting
 38877 | Snake:4  | Reached XP level 19. HP: 90/167 MP: 16/26
 39320 | Snake:4  | Shot with a bolt by a naga sharpshooter

Vault maps used:
D:1:      kilobyte_arrival_exit_the_forest
D:2:      okawaru_metal_pillars_3, uniq_terence
D:3:      uniq_iyjb, uniq_natasha
D:4:      nicolae_ossuary_entry_ruins, nrook_mini_vaults,
          nicolae_dithmenos_through_a_glass_darkly
D:5:      lemuel_upstairs_altar, first_bread, portal_sewer_entry_d,
          roderic_lattice_a, minmay_checkerbox
D:6:      lemuel_coloured_pillars_altar, uniq_menkaure
D:8:      uniq_grum, uniq_psyche
D:9:      minmay_hedge_maze, uniq_maurice, uniq_pikel
D:10:     dpeg_lair_monsters, serial_shops, shop
D:11:     the_bakery
D:12:     basic_altar, uniq_josephine, uniq_frances
D:13:     serial_shops, shop, uniq_sonja
D:14:     erik_vaults_1, serial_bayou_pond_a, kennysheep_big_empty_room
D:15:     gammafunk_enter_depths_forms, elyvilon_altar_5
Temple:   roderic_octagonal_lattice_temple
Lair:1:   minivault_11, uniq_fannar
Lair:3:   nicolae_swamp_entry_splash_gauntlet, nicolae_quartered_pool_super,
          beast_lair_carwin_6, grunt_megastairs_4, serial_bayou_shore_b,
          infiniplex_staircase_pool, uniq_gastronok, uniq_rupert, uniq_nergalle
Lair:4:   dummy_snake_entry
Lair:5:   slime_altar_1, lightli_volcano_entry_magma_tube,
          grunt_forest_stairs_clearing
Lair:6:   gammafunk_lair_ancient_temple, uniq_snorg
Swamp:1:  basic_altar, uniq_aizul, uniq_donald
Swamp:2:  serial_swamp_ruin, evilmike_swamp_ruin_house_3,
          evilmike_swamp_ruin_house_2
Swamp:3:  hangedman_swamp_pad, nicolae_swamp_alligator_family
Swamp:4:  swamp, swamp_pool5, roderic_carrion_pond
Snake:1:  guppyfry_library_mini
Snake:3:  basic_stair_grate_trap
Snake:4:  snake_pit_salamanders_mu, grunt_ministairs_8, uniq_roxanne
Orc:1:    serial_shops, nicolae_shop_statue_plus, minmay_orc_barracks
Orc:2:    kennysheep_orc_mage_school
Sewer:    kennysheep_pipe_town
Ossuary:  ossuary_tomb_3
Volcano:  volcano_pools

Skill      XL: |  1  2  3  4  5  6  7  8  9 10 11 12 13 14 15 16 17 18 |
---------------+-------------------------------------------------------+-----
Polearms       | 5 6 7 8 9 11 13 15 17 18 20 | 20.0
Fighting       | 3 5 6 7 10 12 13 14 15 16 18 19 | 19.4
Dodging        | 5 7 8 10 13 15 17 18 19 20 22 23 | 23.7
Invocations    | 1 4 6 7 9 10 | 10.0
Spellcasting   | 2 3 4 5 |  5.0
Stealth        | 3 4 |  4.0
Charms         | 2 5 6 |  6.6
Air Magic      | 1 2 3 |  3.0
Necromancy     | 3 |  3.0
Throwing       | |  2.0

Action                   |  1- 3 |  4- 6 |  7- 9 | 10-12 | 13-15 | 16-18 | 19-21 || total
-------------------------+-------+-------+-------+-------+-------+-------+-------++-------
Melee: Trident           |    82 |    24 |       |    10 |    37 |       |       ||   153
       Halberd           |       |   213 |   650 |   710 |   565 |       |       ||  2138
       Tailslap          |       |       |     1 |     1 |    13 |    49 |       ||    64
       Glaive            |       |       |       |       |   710 |  1696 |    74 ||  2480
 Cast: Repel Missiles    |       |       |       |       |     2 |    19 |     2 ||    23
       Regeneration      |       |       |       |       |       |     2 |     2 ||     4
Invok: Vestment of Thorn |       |       |       |     1 |       |       |       ||     1
       Summon Vines      |       |       |       |     2 |     4 |     2 |     2 ||    10
       Regalia of Thorns |       |       |       |     1 |       |       |       ||     1
Evoke: Wand              |       |       |       |     2 |       |       |     1 ||     3
  Use: Potion            |     4 |     4 |     9 |     3 |     1 |     1 |       ||    22
       Scroll            |     1 |     3 |    10 |    11 |     8 |     9 |     1 ||    43
 Stab: Sleeping          |     1 |       |     2 |     3 |    12 |    34 |       ||    52
       Invisible         |     1 |       |       |       |     3 |       |       ||     4
       Distracted        |       |       |       |     2 |     3 |    12 |     3 ||    20
  Eat: Chunk             |     1 |     9 |    20 |    25 |    29 |    24 |       ||   108
       Royal jelly       |       |       |       |     1 |       |       |       ||     1
       Pizza             |       |       |       |       |     2 |     1 |       ||     3
       Beef jerky        |       |       |       |       |       |     6 |       ||     6
       Meat ration       |       |       |       |       |       |     3 |       ||     3
Armor: Leather armour    |    15 |    44 |   114 |       |       |       |       ||   173
       Skin              |       |     1 |    21 |    81 |   232 |   241 |    21 ||   597
Dodge: Dodged            |    53 |   161 |   399 |   320 |   961 |  1124 |    91 ||  3109
       Deflected         |       |       |       |       |     1 |    65 |     8 ||    74
